 Dungeon Crawl Stone Soup version 0.18.1-48-g4cf74bf (webtiles) character file.

7856 Mesmaeker13 the Geomancer (level 11, -4/60 HPs)
             Began as a Deep Elf Earth Elementalist on July 10, 2016.
             Was a Believer of Vehumet.
             Slain by an unseen horror (8 damage)
             ... on level 10 of the Dungeon.
             The game lasted 00:47:03 (13117 turns).

Mesmaeker13 the Geomancer (DEEE)                   Turns: 13117, Time: 00:47:04

Health: -4/60      AC:  7    Str: 18    XL:     11   Next: 2%
Magic:  24/24      EV: 18    Int: 21    God:    Vehumet [**....]
Gold:   727        SH:  0    Dex: 15    Spells: 3 memorised, 14 levels left

rFire  . . .     SeeInvis .     r - +4 quarterstaff (chaos)
rCold  + . .     Gourm    .     G - +0 robe {rC+}
rNeg   . . .     Faith    .     (shield currently unavailable)
rPois  .         Spirit   .     a - +2 hat
rElec  .         Dismiss  .     B - +1 cloak {+Inv}
rCorr  .         Reflect  .     (no gloves)
SustAt .         Harm     .     e - +0 pair of boots
MR     +....                    (no amulet)
Stlth  ++........               (no ring)
                                v - +5 ring of strength

@: mighty, somewhat resistant to hostile enchantments, unstealthy
A: no striking features
a: Renounce Religion, Evoke Invisibility


You were on level 10 of the Dungeon.
You worshipped Vehumet.
Vehumet was pleased with you.
You were not hungry.

You visited 2 branches of the dungeon, and saw 12 of its levels.

You collected 727 gold pieces.

Inventory:

Hand Weapons
 r - a +4 quarterstaff of chaos (weapon)
 s - a +1 demon blade of pain
 K - the +1 blowgun of Naoxt {speed, rPois Int+2 SInv}
   (You found it on level 7 of the Dungeon)

   Attacks with this weapon are significantly faster.
   It affects your intelligence (+2).
   It protects you from poison.
   It lets you see invisible.
 Q - a +5 dagger of speed
Missiles
 q - 41 poisoned needles
 R - 3 needles of confusion
Armour
 a - a +2 hat (worn)
 e - a +0 pair of boots (worn)
 u - a cursed -2 ring mail
 B - a +1 cloak of invisibility (worn)
 G - a +0 robe of cold resistance (worn)
Magical Staves
 l - an uncursed staff of poison
Jewellery
 v - a +5 ring of strength (left hand)
Wands
 n - a wand of iceblast (14/15)
 D - a wand of digging (4/24)
 N - a wand of slowing (17/48)
 P - a wand of confusion (21/48)
Scrolls
 h - 6 scrolls of remove curse
 m - 2 scrolls of teleportation
 p - 2 scrolls of enchant weapon
 t - a scroll of magic mapping
 w - 2 scrolls of recharging
 C - a scroll of amnesia
 H - a scroll of blinking
 O - 2 scrolls of identify
Potions
 f - 2 potions of cure mutation
 i - 4 potions of curing
 k - a potion of lignification {unknown}
 o - 2 potions of agility {unknown}
 x - a potion of berserk rage
 z - 2 potions of might
 E - a potion of heal wounds {unknown}
 F - a potion of mutation {unknown}
Books
 c - a book of Geomancy

   Spells                             Type                      Level
   a - Sandblast                      Earth                        1
   b - Passwall                       Transmutation/Earth          2
   c - Stone Arrow                    Conjuration/Earth            3
   d - Petrify                        Transmutation/Earth          4
   e - Lee's Rapid Deconstruction     Earth                        5
 y - a Young Poisoner's Handbook

   Spells                             Type                      Level
   a - Sting                          Conjuration/Poison           1
   b - Cure Poison                    Poison                       2
   c - Mephitic Cloud                 Conjuration/Poison/Air       3
   d - Olgreb's Toxic Radiance        Poison                       4
   e - Venom Bolt                     Conjuration/Poison           5
 I - a book of the Tempests

   Spells                             Type                      Level
   a - Static Discharge               Conjuration/Air              3
   b - Lightning Bolt                 Conjuration/Air              5
   c - Fireball                       Conjuration/Fire             5
   d - Tornado                        Air                          9
   e - Shatter                        Earth                        9
Miscellaneous
 A - a plain deck of changes
Comestibles
 b - a fruit
 d - 6 bread rations
 g - 4 meat rations
 j - a slice of pizza
 M - 6 beef jerkies


   Skills:
 + Level 3.7 Fighting
 - Level 0.4 Throwing
 + Level 10.0 Dodging
 - Level 2.4 Stealth
 + Level 7.7 Spellcasting
 - Level 4.1 Conjurations
   Level 1.1 Transmutations
 - Level 6.0 Air Magic
 + Level 12.0 Earth Magic
 - Level 1.0 Poison Magic


You had 14 spell levels left.
You knew the following spells:

 Your Spells              Type           Power        Failure   Level  Hunger
b - Stone Arrow           Conj/Erth      #####.       1%          3    None
c - Lee's Rapid Deconstr  Erth           ######....   1%          5    #####..
d - Mephitic Cloud        Conj/Pois/Air  ###.....     6%          3    None


Dungeon Overview and Level Annotations

Branches:
Dungeon (11/15)            Temple (1/1) D:6             Orc (0/2) D:9
   Lair: D:8-11

Altars:
Ashenzari
Cheibriados
Dithmenos
Elyvilon
Fedhas
Gozag
Kikubaaqudgha
Makhleb
Nemelex Xobeh
Okawaru
Pakellas
Qazlal
Ru
Sif Muna
Trog
Vehumet
Xom
Yredelemnul
Zin
The Shining One

Shops:
D:9 *


Message History

Something hits you! Something hits you!
Drink which item? (? for menu, Esc to quit)
You feel better. Something barely misses you.
Drink which item? (? for menu, Esc to quit)
You feel very mighty all of a sudden. Something hits you but does no damage.
Drink which item? (? for menu, Esc to quit)
Okay, then.
Eat which item? (? for menu, Esc to quit)
Okay, then.
Read which item? (? for menu, Esc to quit)
Okay, then.
Something closely misses you. Something hits you but does no damage.
Something hits you!
* * * LOW HITPOINT WARNING * * *
Something hits you!
* * * LOW HITPOINT WARNING * * *
Something hits you!
You die...

**,,,..#.....#...#####....
**,........%....### #..##
*,,.............###########
*,,.................#......
*,,........................
*,,........................
*,,........<......#........
**,.............#.(.#......
**.....>.@.......#......(.
*##...........#...#......
#.......#.....#........
#.......##.............
##..............#.....#
*#.....##..############
#.......#### #.......*
#.......#


There were no monsters in sight!

Vanquished Creatures
  3 hill giants (D:10)
  Pikel (D:5)
  A cyclops (D:9)
  Maurice (D:10)
  A queen bee (D:6)
  A troll (D:10)
  A shadow (D:6)
  Sigmund (D:4)
  A hungry ghost (D:4)
  A water moccasin (D:9)
  A black bear (D:8)
  3 orc warriors
  A sky beast (D:9)
  2 ice beasts
  3 phantoms
  A necrophage (D:8)
  7 ogres
  7 centaurs
  2 crocodiles (D:9)
  8 giant frogs
  A wyvern skeleton (D:9)
  3 scorpions
  2 crimson imps (D:7)
  A howler monkey (D:6)
  A giant frog zombie (D:10)
  A quasit (D:10)
  7 orc wizards
  3 hounds
  A jelly (D:9)
  Crazy Yiuf (D:3)
  A centaur skeleton (D:4)
  5 orc priests
  2 giant frog skeletons (D:6)
  3 iguanas
  Jessica (D:2)
  6 worker ants
  2 killer bee zombies
  Robin (D:2)
  13 adders
  2 shadow imps (D:6)
  An ooze (D:4)
  An adder skeleton (D:5)
  A worm (D:2)
  A dart slug (D:1)
  7 giant geckos
  47 orcs
  6 bats
  10 giant cockroaches
  16 goblins
  11 hobgoblins
  3 jackals (D:9)
  5 quokkas
  A ball python (D:5)
  6 giant newts
  10 kobolds
  A quokka skeleton (D:6)
  7 rats
238 creatures vanquished.

Vanquished Creatures (others)
  A hound (D:5)
  An orc wizard (D:8)
2 creatures vanquished.

Grand Total: 240 creatures vanquished

Notes
Turn   | Place    | Note
--------------------------------------------------------------
     0 | D:1      | Mesmaeker13 the Deep Elf Earth Elementalist began the quest for the Orb.
     0 | D:1      | Reached XP level 1. HP: 10/10 MP: 6/6
   318 | D:1      | Reached skill level 4 in Earth Magic
   318 | D:1      | Reached XP level 2. HP: 15/15 MP: 6/8
   754 | D:2      | Reached XP level 3. HP: 12/19 MP: 2/10
  1054 | D:2      | Noticed Jessica
  1070 | D:2      | Killed Jessica
  1310 | D:2      | Reached XP level 4. HP: 24/24 MP: 10/12
  2005 | D:2      | Noticed Robin
  2145 | D:2      | Learned a level 3 spell: Stone Arrow
  2153 | D:2      | Killed Robin
  2154 | D:2      | Reached skill level 5 in Spellcasting
  2299 | D:2      | Reached skill level 5 in Earth Magic
  2607 | D:3      | Noticed an ogre
  2659 | D:3      | Killed an ogre
  2659 | D:3      | Reached XP level 5. HP: 28/28 MP: 10/15
  2798 | D:3      | Found a shadowy altar of Dithmenos.
  2882 | D:3      | Reached skill level 6 in Earth Magic
  3219 | D:3      | Reached XP level 6. HP: 26/32 MP: 14/16
  3997 | D:3      | Noticed Crazy Yiuf
  4002 | D:3      | Killed Crazy Yiuf
  4079 | D:4      | Noticed Sigmund
  4319 | D:4      | Learned a level 5 spell: Lee's Rapid Deconstruction
  4357 | D:4      | Reached skill level 7 in Earth Magic
  4359 | D:4      | Noticed a hungry ghost
  4398 | D:4      | Killed a hungry ghost
  4398 | D:4      | Reached XP level 7. HP: 36/36 MP: 6/17
  4406 | D:4      | Reached skill level 1 in Conjurations
  4626 | D:4      | Found an ancient bone altar of Kikubaaqudgha.
  4781 | D:4      | Killed Sigmund
  5080 | D:5      | Entered Level 5 of the Dungeon
  5092 | D:5      | Reached skill level 8 in Earth Magic
  5196 | D:5      | Reached skill level 5 in Dodging
  5196 | D:5      | Reached XP level 8. HP: 33/41 MP: 15/18
  5300 | D:5      | Noticed Pikel
  5305 | D:5      | Killed Pikel
  5305 | D:5      | Reached skill level 9 in Earth Magic
  6368 | D:6      | Noticed Edmund
  6368 | D:6      | Reached skill level 10 in Earth Magic
  6974 | D:6      | Noticed Edmund
  6974 | D:6      | Edmund changed into Edmund the queen bee
  6985 | D:6      | Killed Edmund the queen bee
  6985 | D:6      | Reached XP level 9. HP: 10/45 MP: 2/19
  7576 | D:6      | Reached skill level 11 in Earth Magic
  7668 | D:6      | Found a staircase to the Ecumenical Temple.
  7684 | Temple   | Entered the Ecumenical Temple
  7809 | Temple   | Became a worshipper of Vehumet
  8106 | D:7      | Learned a level 3 spell: Mephitic Cloud
  8272 | D:7      | Found a snail-covered altar of Cheibriados.
  8304 | D:7      | Got a slimy blowgun
  8495 | D:7      | Reached skill level 1 in Air Magic
  8544 | D:7      | Found an oddly glowing altar of Pakellas.
  8812 | D:8      | You fall through a shaft for 3 floors!
  8812 | D:11     | Noticed a hill giant
  8818 | D:10     | Entered Level 10 of the Dungeon
  9089 | D:8      | Found a sacrificial altar of Ru.
  9092 | D:8      | Found a glowing silver altar of Zin.
  9130 | D:8      | Reached * piety under Vehumet
  9130 | D:8      | Offered knowledge of Magic Dart by Vehumet.
  9175 | D:8      | Reached skill level 1 in Fighting
 10461 | D:8      | Reached skill level 5 in Air Magic
 10486 | D:8      | Found a bloodstained altar of Trog.
 10486 | D:8      | Found a sparkling altar of Nemelex Xobeh.
 10679 | D:9      | Found an opulent altar of Gozag.
 10679 | D:9      | Found Gozag's Platinum Reserve.
 10680 | D:9      | Reached XP level 10. HP: 52/52 MP: 17/20
 10922 | D:9      | Offered knowledge of Shock by Vehumet.
 10926 | D:9      | Reached ** piety under Vehumet
 10962 | D:9      | Found a staircase to the Orcish Mines.
 11371 | D:9      | Identified the +1 blowgun of Naoxt {speed, rPois Int+2 SInv} (You found it on level 7 of the Dungeon)
 11609 | D:9      | Noticed a cyclops
 11621 | D:9      | Killed a cyclops
 11719 | D:10     | Reached skill level 1 in Poison Magic
 11918 | D:10     | Noticed a hill giant
 11930 | D:10     | Killed a hill giant
 12418 | D:10     | Noticed Maurice
 12427 | D:10     | Killed a hill giant
 12453 | D:10     | Killed Maurice
 12675 | D:10     | Noticed a hill giant
 12680 | D:10     | Killed a hill giant
 12680 | D:10     | Reached skill level 10 in Dodging
 12683 | D:10     | Reached skill level 12 in Earth Magic
 12694 | D:10     | Reached XP level 11. HP: 58/60 MP: 6/24
 13117 | D:10     | Slain by an unseen horror

Skill      XL: |  1  2  3  4  5  6  7  8  9 10 |
---------------+-------------------------------+-----
Earth Magic    | 4 5 6 7 8 10 11 12 | 12.0
Spellcasting   | 4 5 7 |  7.7
Dodging        | 3 5 6 8 10 | 10.0
Conjurations   | 2 4 |  4.1
Air Magic      | 5 6 |  6.0
Fighting       | 1 3 |  3.7
Poison Magic   | 1 |  1.0
Throwing       | |  0.4
Stealth        | |  2.4
Transmutations | |  1.1

Action                   |  1- 3 |  4- 6 |  7- 9 | 10-12 || total
-------------------------+-------+-------+-------+-------++-------
Melee: Dagger            |       |    85 |       |       ||    85
       Quarterstaff      |       |    16 |    17 |     9 ||    42
 Fire: Blowgun           |       |       |       |    51 ||    51
 Cast: Sandblast         |    31 |    72 |   108 |    51 ||   262
       Stone Arrow       |       |    19 |    44 |    57 ||   120
       Lee's Rapid Decon |       |       |    10 |    11 ||    21
       Mephitic Cloud    |       |       |     3 |     3 ||     6
Evoke: Wand              |       |       |     3 |       ||     3
  Use: Scroll            |     1 |       |    11 |     4 ||    16
       Potion            |     1 |       |     2 |     2 ||     5
 Stab: Sleeping          |       |     1 |       |       ||     1
  Eat: Chunk             |     1 |    10 |    19 |     9 ||    39
       Pizza             |       |       |     2 |       ||     2
       Fruit             |       |       |     3 |     1 ||     4
Armor: Robe              |     2 |    33 |    17 |    14 ||    66
Dodge: Dodged            |     8 |    82 |    62 |    44 ||   196
